 Dungeon Crawl Stone Soup version 0.29.0 (webtiles) character file.

Game seed: 7634627211778791705

1180 brinewave the Nimble (level 8, -3/26 HPs)
             Began as a Felid Ice Elementalist on Sept 9, 2022.
             Was a Follower of Vehumet.
             Shot with an arrow by a deep elf knight (17 damage)
             ... summoned by a worldbinder
             ... on level 1 of the Abyss.
             The game lasted 01:01:23 (13682 turns).

brinewave the Nimble (Felid Ice Elementalist)      Turns: 13682, Time: 01:01:23

Health: -3/26      AC: 12    Str:  0      XL:     8   Next: 19%
Magic:  7/15       EV: 23    Int: 20      God:    Vehumet [*.....]
Gold:   344        SH:  0    Dex: 16 (17) Spells: 9/19 levels left
                                        Lives:  0   Deaths: 2

rFire   . . .      SeeInvis +     - Unarmed
rCold   . . .      Faith    .   (shield unavailable)
rNeg    . . .      Spirit   .   (body armour unavailable)
rPois   .          Reflect  .   (helmet unavailable)
rElec   .          Harm     .   (cloak unavailable)
rCorr   .          Rampage  .   (gloves unavailable)
Will    +....      Rage     9%  (boots unavailable)
Stlth   ++........              (no amulet)
HPRegen 0.08/turn               m - +4 ring of protection
MPRegen 0.14/turn               w - ring of flight

@: ice-armoured, freezing walls, flying, unable to drink, quick
A: very small, claws 1, fangs 3, see invisible, speed 1, shaggy fur 2, stealthy
paws, no weapons or thrown items, no armour, multi-lived, [berserk 2],
[deterioration 2], [frail 2], [low MP 2], [weak 2], [subdued magic 2],
[inability to drink after injury 2]
a: Renounce Religion


You were on level 1 of the Abyss.
You worshipped Vehumet.
Vehumet was aware of your devotion.
You visited 2 branches of the dungeon, and saw 9 of its levels.
You visited the Abyss 1 time.
You also visited: Bailey.

You collected 344 gold pieces.

Inventory:

Jewellery
 k - a ring of fire
 m - a +4 ring of protection (left paw)
 r - a ring of ice
 w - a ring of flight (right paw)
Wands
 e - a wand of polymorph (3)
 v - a wand of quicksilver (13)
 y - a wand of digging (3)
Scrolls
 b - a scroll of magic mapping
 f - a scroll of silence
 h - a scroll of poison {unknown}
 i - 2 scrolls of teleportation
 j - 2 scrolls of enchant armour {unknown}
 l - 2 scrolls of vulnerability {unknown}
 o - a scroll of blinking {unknown}
 p - a scroll of brand weapon {unknown}
 q - a scroll of noise {unknown}
 u - a scroll of amnesia {unknown}
Potions
 a - 3 potions of magic
 c - a potion of resistance
 d - 2 potions of invisibility
 g - 2 potions of haste
 n - a potion of flight
 s - a potion of heal wounds
 t - a potion of mutation
 x - a potion of berserk rage {unknown}


   Skills:
 + Level 2.3 Fighting
 + Level 9.7 Dodging
 - Level 2.6 Stealth
 + Level 2.9 Unarmed Combat
 - Level 6.4 Spellcasting
 + Level 0.9 Conjurations
 + Level 3.5 Hexes
 + Level 7.4 Ice Magic


You had 9 spell levels left.
You knew the following spells:

 Your Spells              Type           Power      Damage    Failure   Level
a - Freeze                Ice            88%        1d10      1%          1
b - Frozen Ramparts       Ice            44%        1d7       1%          3
c - Ozocubu's Armour      Ice            22%        N/A       1%          3
d - Ensorcelled Hibernat  Hex/Ice        34%        N/A       1%          2
e - Magic Dart            Conj           24%        1d4       4%          1

Your spell library contained the following spells:

 Spells                   Type           Power      Damage    Failure   Level
 Apportation              Tloc           8%         N/A       6%          1
 Passwall                 Tmut/Erth      3%         N/A       11%         2
 Hailstorm                Conj/Ice       14%        3d5       13%         4
 Conjure Flame            Conj/Fire      5%         6-21      19%         3
 Call Canine Familiar     Summ           4%         N/A       22%         3
 Ignite Poison            Fire/Tmut/Pois 4%         N/A       22%         3
 Swiftness                Air            4%         N/A       22%         3
 Leda's Liquefaction      Hex/Erth       4%         N/A       34%         4
 Sticky Flame             Conj/Fire      5%         2d3       54%         4
 Alistair's Intoxication  Tmut/Pois      2%         N/A       92%         5
 Portal Projectile        Hex/Tloc       Unusable   N/A       N/A         3

Dungeon Overview and Level Annotations

Branches:
Dungeon (8/15)             Temple (1/1) D:5          Bailey (visited)
   Lair: D:8-11

Altars:
Ashenzari
Fedhas
Gozag
Kikubaaqudgha
Makhleb
Nemelex Xobeh
Qazlal
Sif Muna
Uskayaw
Vehumet
Xom
Yredelemnul
The Shining One

Annotations:
D:7 2 transporters, mattm's ghost, novice OgFE


Innate Abilities, Weirdness & Mutations

You have sharp claws.
You have razor-sharp teeth.
You have supernaturally acute eyesight. (SInv)
You cover ground quickly. (Speed+)
You are covered in thick fur. (AC +2)
Your paws help you pounce on unaware monsters.
You are incapable of wielding weapons or throwing items.
You cannot wear armour.
You gain extra lives every three experience levels.
[You have an uncontrollable temper.]
[Your body often deteriorates upon taking damage.]
[You are very frail. (-20% HP)]
[Your magical capacity is very low. (-20% MP)]
[You are very weak. (Str -4)]
[Your spells are easier to cast, but less powerful.]
[You sometimes lose the ability to drink potions when taking damage.]


Message History

The wall freezes the smoke demon but does no damage.
The worldbinder calls forth creatures from the Elven Halls!
Aiming: Freeze (safe; 1% risk of failure)
Press: ? - help, Q - select action, (/) - cycle Shift-Dir - straight line, f - smoke demon
Aim: a smoke demon (lightly wounded)
You freeze the smoke demon!
The smoke demon is moderately wounded.
The wall freezes the smoke demon.
The smoke demon gestures at you. Something smites you!
Ouch! That really hurt!
Your body deteriorates!
You feel clumsy.
The deep elf knight gestures wildly while chanting.
The deep elf knight flickers and vanishes for a moment.
The deep elf knight unwields a +0 long sword.
The deep elf knight wields a +0 shortbow.
The deep elf knight shoots an arrow.
The arrow barely misses you.
Aiming: Freeze (safe; 1% risk of failure)
Press: ? - help, Q - select action, (/) - cycle Shift-Dir - straight line, f/p - smoke demon
Aim: a smoke demon (heavily wounded)
You freeze the smoke demon.
The smoke demon is heavily wounded.
The wall freezes the smoke demon.
The smoke demon gestures at you. The ball of steam misses you.
The deep elf knight casts a spell.
The deep elf knight seems to speed up.
The deep elf knight casts a spell at you.
The shard of ice hits the deep elf knight!!!
The deep elf knight dies!
The deep elf knight's corpse disappears in a puff of smoke!
Casting: Freeze (safe; 1% risk of failure)
Confirm with . or Enter, or press ? or * to list all spells.
A film of ice covers your body!
You are engulfed in a cloud of scalding steam.
The worldbinder calls forth creatures from the Elven Halls!
The deep elf knight shoots an arrow.
The arrow hits you!
You feel threatened and lose the ability to drink potions!
Ouch! That really hurt!
You die...

...... . .#
###..
....### #. #
#. .....##..
#.
..........
#.# #e## #..
....##.# §x.
#.....#
#..ee#
##...##
#.#.e ##..#
#3.# #.
###@# #
.#...§# #
.###. #.####
..... ...#.#
## #.##.####
# .. ......#
#.##..#.####
# #.#.#
#.#.#


You could see 2 deep elf knights, a worldbinder, 2 deep elf zephyrmancers and a
smoke demon.

Vanquished Creatures
  A troll (D:6)
  Prince Ribbit (D:5)
  Menkaure (D:5)
  Edmund (D:4)
  An ice beast (D:7)
  An orc warrior (D:8)
  5 black bears
  2 ogres
  2 phantoms (D:4)
  2 gnoll sergeants
  3 necrophages
  A bullfrog (D:7)
  2 scorpions
  A wight (D:7)
  A crimson imp (D:4)
  3 hounds
  2 orc priests (D:6)
  A jelly (D:7)
  A gnoll bouda (D:5)
  An iguana (D:5)
  2 orc wizards
  9 adders
  13 gnolls
  A shadow imp (D:6)
  A white imp (D:7)
  2 worms (D:2)
  4 dart slugs
  17 orcs
  6 ball pythons
  8 endoplasms
  2 giant cockroaches
  12 goblins
  3 hobgoblins (D:1)
  2 jackals
  6 quokkas
  4 bats
  2 frilled lizards
  4 kobolds
  9 orc zombies (Bailey)
  5 rats
145 creatures vanquished.

Vanquished Creatures (others)
  A human (D:6)
  A plant (D:1)
  5 toadstools (D:1)
7 creatures vanquished.

Grand Total: 152 creatures vanquished

Notes
Turn   | Place    | Note
-------+----------+-------------------------------------------
     0 | D:1      | brinewave the Felid Ice Elementalist began the quest for
                  | the Orb.
     0 | D:1      | Reached XP level 1. HP: 7/7 MP: 4/4
   109 | D:1      | Reached skill level 3 in Dodging
   293 | D:1      | Found a faded altar of an unknown god.
   372 | D:1      | Reached XP level 2. HP: 11/11 MP: 6/6
   926 | D:2      | Reached XP level 3. HP: 14/14 MP: 3/7
  1818 | D:2      | Reached XP level 4. HP: 18/18 MP: 6/9
  1867 | D:2      | Reached skill level 4 in Dodging
  2015 | D:3      | Learned a level 3 spell: Frozen Ramparts
  2019 | D:3      | Learned a level 3 spell: Ozocubu's Armour
  3163 | D:4      | Noticed a scorpion
  3169 | D:4      | Found a stormy altar of Qazlal.
  3174 | D:4      | Killed a scorpion
  3175 | D:4      | Reached XP level 5. HP: 12/21 MP: 3/11
  3382 | D:4      | Noticed a phantom
  3423 | D:4      | Killed a phantom
  3424 | D:4      | Reached skill level 5 in Dodging
  3424 | D:4      | Gained mutation: You are covered in thick fur. (AC +2)
                  | [Felid growth]
  3424 | D:4      | Reached XP level 6. HP: 4/24 MP: 8/12
  3683 | D:4      | Found a blossoming altar of Fedhas.
  3824 | D:4      | Noticed Edmund
  3916 | D:4      | Reached skill level 5 in Ice Magic
  4151 | D:4      | Found an opulent altar of Gozag.
  4269 | D:4      | Found a burning altar of Makhleb.
  4270 | D:4      | Found a shimmering altar of Xom.
  4726 | D:5      | Entered Level 5 of the Dungeon
  4827 | D:5      | Reached skill level 6 in Dodging
  4832 | D:5      | Reached XP level 7. HP: 26/27 MP: 5/14
  5905 | D:5      | Reached skill level 7 in Dodging
  6079 | D:5      | Noticed Menkaure
  6509 | D:5      | Noticed Prince Ribbit
  6704 | D:6      | Reached skill level 5 in Spellcasting
  6751 | D:6      | Found a hide-covered altar of Uskayaw.
  6806 | D:6      | Found an ancient bone altar of Kikubaaqudgha.
  6806 | D:6      | Noticed a human
  6810 | D:6      | Killed a human
  7538 | D:6      | Reached XP level 8. HP: 23/31 MP: 9/16
  8116 | D:5      | Mangled by Menkaure
  8117 | D:5      | Reached XP level 7. HP: -8/27 MP: 2/15
  8191 | D:5      | Killed Prince Ribbit
  8192 | D:5      | Reached skill level 8 in Dodging
  8407 | D:5      | Found a staircase to the Ecumenical Temple.
  8416 | Temple   | Entered the Ecumenical Temple
  8427 | Temple   | Became a worshipper of Vehumet
  9005 | D:4      | Killed Edmund
  9236 | D:4      | Reached XP level 8. HP: 23/31 MP: 14/18
  9377 | D:5      | Killed Menkaure
  9534 | D:7      | Found a flagged portal.
  9587 | Bailey   | Entered a bailey
 11031 | D:7      | Noticed a troll
 11163 | D:6      | Killed a troll
 11164 | D:6      | Reached skill level 9 in Dodging
 11164 | D:6      | Reached skill level 1 in Unarmed Combat
 11224 | D:6      | Learned a level 2 spell: Ensorcelled Hibernation
 11653 | D:7      | Reached skill level 1 in Hexes
 11733 | D:7      | Noticed a hornet
 11754 | D:7      | Noticed mattm's ghost (novice OgFE)
 11757 | D:7      | Found a transporter.
 11795 | D:7      | Reached skill level 1 in Fighting
 12290 | D:7      | Reached XP level 9. HP: 31/36 MP: 13/19
 12407 | D:7      | Reached * piety under Vehumet
 12407 | D:7      | Offered knowledge of Magic Dart by Vehumet.
 12444 | D:7      | Learned a level 1 spell: Magic Dart
 12662 | D:7      | Found a transporter.
 13501 | Abyss:1  | Cast into level 1 of the Abyss (wight)
 13605 | Abyss:1  | Noticed a wretched star
 13620 | Abyss:1  | Noticed an efreet
 13621 | Abyss:1  | Noticed a glowing orange brain
 13621 | Abyss:1  | Lost strength.
 13628 | Abyss:1  | Killed from afar by an efreet
 13629 | Abyss:1  | Reached XP level 8. HP: -3/25 MP: 15/15
 13676 | Abyss:1  | Noticed a smoke demon
 13678 | Abyss:1  | Noticed a worldbinder
 13680 | Abyss:1  | Noticed a deep elf knight
 13680 | Abyss:1  | Noticed a deep elf knight
 13680 | Abyss:1  | Noticed a deep elf knight
 13682 | Abyss:1  | Shot with an arrow by a deep elf knight

Illustrated notes

Levels and vault maps discovered:
D:1:      ldierk_walled_garden, layout_basic, shapermc_ecumenical_altar_gd,
          minmay_vboxes
D:2:      layout_loops_ring, minivault_11
D:3:      layout_loops_ring, minivault_23
D:4:      layout_cave_pools, grunt_temple_overflow_champion_of_chaos,
          mainiacjoe_overflow_24_doors, mainiacjoe_overflow_large_starburst,
          uniq_edmund
D:5:      layout_layer_cave, temple_hall, uniq_prince_ribbit1, uniq_menkaure
D:6:      layout_gridville, kennysheep_mini, tgw_kikubaaqudgha
D:7:      kennysheep_spiral_hall, layout_cave_pools, gammafunk_ghost_hive,
          enter_bailey_3
D:8:      layout_basic, david_lair_generic, serial_shops, kennysheep_mini_moat
Temple:   eino_temple_water
Abyss:1:  base:
D:3

Skill      XL: |  1  2  3  4  5  6  7  8  9 |
---------------+----------------------------+-----
Dodging        | 3 4 5 6 8 9 |  9.7
Ice Magic      | 4 5 6 7 |  7.4
Spellcasting   | 3 4 6 |  6.4
Unarmed Combat | 2 |  2.9
Hexes          | 2 3 |  3.5
Fighting       | 1 2 |  2.3
Stealth        | |  2.6
Conjurations   | |  0.9

Action                   |  1- 3 |  4- 6 |  7- 9 || total
-------------------------+-------+-------+-------++-------
Melee: Unarmed           |    27 |    77 |   378 ||   482
       Bite              |     2 |    10 |    67 ||    79
       Punch             |       |       |     6 ||     6
 Cast: Freeze            |    49 |    62 |   122 ||   233
       Frozen Ramparts   |       |     6 |    39 ||    45
       Ozocubu's Armour  |       |       |    32 ||    32
       Magic Dart        |       |       |     7 ||     7
  Use: Scroll            |     2 |     6 |     5 ||    13
       Potion            |       |     2 |       ||     2
 Stab: Sleeping          |     9 |     4 |     6 ||    19
Armor: Skin              |     4 |     5 |    52 ||    61
Dodge: Dodged            |    35 |   105 |   464 ||   604
